 Dungeon Crawl Stone Soup version 0.28.0-62-gf88900778d (webtiles) character file.

Game seed: 13557267728950445678

1409 Coron the Grave Robber (level 8, 0/73 HPs)
             Began as a Deep Dwarf Necromancer on Mar 16, 2023.
             Was a Priest of Dithmenos.
             Killed by divine providence
             ... invoked by an orc priest
              (11 damage)
             ... on level 7 of the Dungeon.
             The game lasted 00:35:17 (8671 turns).

Coron the Grave Robber (Deep Dwarf Necromancer)     Turns: 8671, Time: 00:35:17

Health: 0/73       AC:  7    Str: 14    XL:     8   Next: 42%
Magic:  14/14      EV: 11    Int: 16    God:    Dithmenos [***...]
Gold:   276        SH:  0    Dex: 13    Spells: 11/15 levels left

rFire   . . .      SeeInvis .   j - +2 dagger (venom)
rCold   . . .      Faith    .   (no shield)
rNeg    . . .      Spirit   .   C - +0 ring mail
rPois   .          Reflect  .   p - +0 hat
rElec   .          Harm     .   b - +0 cloak
rCorr   .          Rampage  .   (no gloves)
Will    +....                   (no boots)
Stlth   ++........              (no amulet)
HPRegen 0.00/turn               (no ring)
MPRegen 0.14/turn               (no ring)

@: wreathed by umbra
A: damage resistance, heal wounds, sense surroundings 1, no regeneration
a: Heal Wounds, Renounce Religion, Shadow Step


You were on level 7 of the Dungeon.
You worshipped Dithmenos.
Dithmenos was most pleased with you.
You visited 2 branches of the dungeon, and saw 8 of its levels.
You also visited: Sewer.

You collected 276 gold pieces.

Inventory:

Hand Weapons
 d - a +0 club
 e - a +0 dagger
 j - a +2 dagger of venom (weapon)
 t - a +0 war axe
 x - a +2 vampiric whip
 D - a +1 short sword of draining
 E - a +2 spear of pain
Missiles
 c - 173 stones (quivered)
Armour
 b - a +0 cloak (worn)
 m - the +1 plate armour "Luaveok" {-Cast Rampage rF+ Slay+2}
   (You found it on level 2 of the Dungeon)

   Slay:      It affects your accuracy & damage with ranged weapons and melee
   (+2).
   rF:        It protects you from fire.
   -Cast:     It prevents spellcasting.
   Rampage:   It bestows one free step when moving towards enemies.
 p - a +0 hat (worn)
 C - a +0 ring mail (worn)
Wands
 i - a wand of polymorph (12)
 w - a wand of flame (13)
 F - a wand of acid (7)
Scrolls
 g - 2 scrolls of enchant weapon
 k - a scroll of fog
 l - 2 scrolls of teleportation
 o - a scroll of holy word {unknown}
 y - 2 scrolls of amnesia
 z - 2 scrolls of identify
 A - a scroll of magic mapping {unknown}
 G - a scroll of torment {unknown}
Potions
 a - 3 potions of lignification
 f - 2 potions of ambrosia
 h - a potion of flight
 n - 2 potions of curing
 q - 3 potions of attraction
 r - a potion of mutation
 u - a potion of haste
 v - a potion of might
 B - 2 potions of heal wounds


   Skills:
 + Level 4.6 Fighting
 - Level 6.0 Armour
 - Level 3.0 Dodging
 - Level 3.0 Stealth
 - Level 4.0 Spellcasting
 - Level 7.0 Necromancy


You had 11 spell levels left.
You knew the following spells:

 Your Spells              Type           Power      Damage    Failure   Level
a - Pain                  Necr           100%       1d9       1%          1
b - Vampiric Draining     Necr           25%        2d7       5%          3

Your spell library contained the following spells:

 Spells                   Type           Power      Damage    Failure   Level
 Animate Skeleton         Necr           50%        N/A       1%          1
 Animate Dead             Necr           12%        N/A       17%         4
 Agony                    Necr           25%        N/A       43%         5
 Excruciating Wounds      Necr           12%        N/A       43%         5
 Portal Projectile        Hex/Tloc       6%         N/A       67%         3
 Leda's Liquefaction      Hex/Erth       1%         N/A       97%         4
 Blade Hands              Tmut           1%         N/A       100%        5
 Fireball                 Conj/Fire      1%         3d3       100%        5
 Iskenderun's Battlesphe  Conj           3%         2d6       100%        5
 Lee's Rapid Deconstruct  Erth           1%         3d5*      100%        5
 Conjure Ball Lightning   Conj/Air       1%         3x3d6     100%        6
 Statue Form              Tmut/Erth      2%         N/A       100%        6
 Orb of Destruction       Conj           1%         9d5       100%        7


Dungeon Overview and Level Annotations

Branches:
Dungeon (7/15)             Temple (1/1) D:4           Sewer (visited)

Altars:
Ashenzari
Cheibriados
Dithmenos
Elyvilon
Fedhas
Gozag
Hepliaklqana
Kikubaaqudgha
Makhleb
Okawaru
Qazlal
Ru
Sif Muna
Trog
Vehumet
Wu Jian
Xom

Shops:
D:1 [   D:3 [

Annotations:
D:2 Natasha
D:6 Blork the orc, Menkaure


Innate Abilities, Weirdness & Mutations

You are resistant to damage.
You can heal yourself by infusing magical energy.
You passively map a small area around you.
You do not regenerate.


Message History

There is an open door here.
You open the door.
There is an open door here.
Partly explored, can't reach some items and places.
Partly explored, can't reach some items and places.
There is a stone staircase leading down here.
You climb downwards.
There is a stone staircase leading up here.
c - 173 stones (gained 24)
Found a great sword.
Found a stone staircase leading up.
An iguana comes into view.
z - 3 scrolls of identify (gained 1)
As you read the scroll of identify, it crumbles to dust.
y - 2 scrolls of amnesia
Casting: Vampiric Draining (dangerous; 5% risk of failure)
Confirm with . or Enter, or press ? or * to list all spells.
You can't see any susceptible monsters within range! (Use Z to cast anyway.) Throw: throwing net
Press: ? - help, Q - select action, (/) - cycle Shift-Dir - straight line, f - iguana
Aim: an iguana (wandering, hasn't noticed you, 63% to hit)
You throw a throwing net. The throwing net hits the iguana.
The iguana is caught in the net!
The iguana hisses angrily.
The iguana struggles against the net.
The iguana struggles against the net.
An orc priest and an orc come into view.
Found a robe.
The orc priest shouts!
You hear a shout!
The iguana struggles against the net.
An orc comes into view.
It is wielding a +0 mace and wearing a +0 scale mail of fire resistance.
The iguana struggles against the net.
The net rips apart, and the iguana comes free!
The orc priest mumbles some strange prayers to Beogh against you.
Beogh smites you!
* * * LOW HITPOINT WARNING * * *
The orc priest begins to cast a cantrip, but forgets the words!
The orc priest calls down the wrath of Beogh upon you.
Beogh smites you!
You die...

##.........., ,
##.....###.##* *
##.......##.######## .#
* *
#.........#........##.#
, , ,
##.......##..##.......#
,*
##..........##.......$
* ##....#.##.##........
* ##..###....o........
###.#@##.##......## * ,
* ##.###.lo....#... ,,
, ### ####o..)...# * *
, ##.#####.# , ** #.l.#
# , , #..o####.# ,
#......o.[ , * ,*
#..o####.. ,, .......
,,


You could see an orc priest.

Vanquished Creatures
  Edmund (D:6)
  Duvessa (D:5)
  A water moccasin (D:6)
  An orc warrior (D:6)
  A necrophage (D:5)
  2 ogres
  A gnoll sergeant (D:6)
  2 scorpions
  A water moccasin skeleton (D:5)
  Dowan (D:5)
  A bullfrog skeleton (D:5)
  An orc priest (D:6)
  Natasha (D:2)
  2 orc wizards
  7 gnolls
  8 adders
  4 river rats
  An adder skeleton (D:4)
  6 worms (D:5)
  3 dart slugs
  15 orcs
  14 ball pythons
  5 endoplasms
  2 giant cockroaches (D:1)
  4 goblins
  13 hobgoblins
  9 jackals
  6 kobolds
  3 quokkas
  4 bats
  6 frilled lizards
  10 rats
137 creatures vanquished.

Vanquished Creatures (others)
  A plant (D:1)
1 creature vanquished.

Grand Total: 138 creatures vanquished

Notes
Turn   | Place    | Note
-------+----------+-------------------------------------------
     0 | D:1      | Coron the Deep Dwarf Necromancer began the quest for the
                  | Orb.
     0 | D:1      | Reached XP level 1. HP: 15/15 MP: 3/3
   347 | D:1      | Reached XP level 2. HP: 22/22 MP: 2/4
   955 | D:1      | Found Heisicij's Antique Armour Emporium.
  1417 | D:2      | Found a faded altar of an unknown god.
  1455 | D:2      | Prayed at the altar of an unknown god.
  1455 | D:2      | Became a worshipper of Dithmenos the Shadowed
  1455 | D:2      | Reached * piety under Dithmenos
  1469 | D:2      | Reached XP level 3. HP: 30/30 MP: 6/6
  1603 | D:2      | Learned a level 3 spell: Vampiric Draining
  1739 | D:2      | Reached skill level 1 in Fighting
  1775 | D:2      | Identified the +1 plate armour "Luaveok" {-Cast Rampage rF+
                  | Slay+2}
  1797 | D:2      | Noticed Natasha
  1806 | D:2      | Killed Natasha
  1807 | D:2      | Reached skill level 1 in Armour
  1807 | D:2      | Reached skill level 5 in Necromancy
  1970 | D:2      | Reached XP level 4. HP: 38/38 MP: 4/7
  2074 | D:2      | Noticed Natasha
  2875 | D:3      | Found Odycypot's Antique Armour Shop.
  3231 | D:3      | Found a radiant altar of Vehumet.
  3231 | D:3      | Found a shimmering altar of Xom.
  3736 | D:3      | Reached XP level 5. HP: 44/44 MP: 5/9
  3810 | D:4      | Reached ** piety under Dithmenos
  4001 | D:4      | Found a staircase to the Ecumenical Temple.
  4017 | Temple   | Entered the Ecumenical Temple
  4792 | D:5      | Entered Level 5 of the Dungeon
  4793 | D:5      | Noticed an ogre
  4905 | D:5      | Noticed an ogre
  4918 | D:5      | Killed an ogre
  4949 | D:5      | Reached XP level 6. HP: 37/51 MP: 2/10
  5056 | D:5      | Reached skill level 6 in Necromancy
  5123 | D:5      | Found a glowing drain.
  5127 | Sewer    | Entered a sewer
  5798 | D:4      | Reached *** piety under Dithmenos
  5799 | D:4      | Reached XP level 7. HP: 59/62 MP: 8/11
  6352 | D:5      | Noticed Duvessa
  6429 | D:5      | Noticed Dowan
  6593 | D:5      | Killed Duvessa
  6594 | D:5      | Killed Dowan
  6998 | D:6      | Noticed Blork the orc
  7079 | D:6      | Reached skill level 7 in Necromancy
  7079 | D:6      | Reached XP level 8. HP: 44/72 MP: 0/14
  7233 | D:6      | Noticed Edmund
  7246 | D:6      | Killed Edmund
  7272 | D:6      | Reached skill level 5 in Armour
  8538 | D:6      | Noticed Menkaure
  8671 | D:7      | Killed from afar by an orc priest

Illustrated notes

Levels and vault maps discovered:
D:1:      lordsloth_arrival_two_stooges, layout_basic, serial_shops,
          nicolae_shop_hallway_plus, serial_bayou_ford_a
D:2:      layout_loops_cross, chequers_ecumenical_altar_simple_redux,
          minmay_circled_x, uniq_natasha
D:3:      layout_loops_ring, mainiacjoe_overflow_catwalk_spiral, serial_shops,
          shop_fountains
D:4:      layout_cave_pools, minmay_temple_entry_slanted
D:5:      layout_basic, lightli_sewer_entry_pipes, uniq_duvessa
D:6:      layout_gridville, uniq_menkaure, uniq_edmund, uniq_blork_the_orc
D:7:      layout_loops_cross, mainiacjoe_overflow_catch_the_wave,
          hangedman_decor_riveting
Temple:   regret_index_temple_generic_petals

Skill      XL: |  1  2  3  4  5  6  7  8 |
---------------+-------------------------+-----
Spellcasting   | 2 3 4 |  4.0
Stealth        | 3 |  3.0
Fighting       | 1 3 4 |  4.6
Armour         | 1 2 4 6 |  6.0
Dodging        | 3 |  3.0
Necromancy     | 5 6 7 |  7.0

Action                   |  1- 3 |  4- 6 |  7- 9 || total
-------------------------+-------+-------+-------++-------
Melee: Dagger            |    22 |   164 |    32 ||   218
       Unarmed           |     1 |       |       ||     1
       Whip              |       |       |    16 ||    16
Throw: Throwing net      |       |       |     2 ||     2
 Cast: Pain              |    49 |    31 |    14 ||    94
       Vampiric Draining |       |    34 |    36 ||    70
 Abil: Heal Wounds       |       |     1 |     1 ||     2
Evoke: Wand              |       |     5 |       ||     5
  Use: Scroll            |     1 |    12 |     3 ||    16
 Stab: Sleeping          |     4 |     2 |       ||     6
       Distracted        |       |     3 |       ||     3
Armor: Robe              |     3 |       |       ||     3
       Leather armour    |       |    36 |    15 ||    51
       Ring mail         |       |       |     4 ||     4
Dodge: Dodged            |    20 |   120 |    52 ||   192
